 Dungeon Crawl Stone Soup version 0.30-a0-365-ge7f957f1db (webtiles) character file.

Game seed: 7167001460942658614

112 qeuew the Trooper (level 4, -5/35 HPs)
             Began as a Demonspawn Chaos Knight on Nov 17, 2022.
             Was a Plaything of Xom.
             Slain by a hornet (shapeshifter) (9 damage)
             ... on level 3 of the Dungeon.
             The game lasted 00:03:01 (1762 turns).

qeuew the Trooper (Demonspawn Chaos Knight)         Turns: 1762, Time: 00:03:03

Health: -5/35      AC:  5    Str: 13    XL:     4   Next: 64%
Magic:  4/4        EV: 10    Int: 13    God:    Xom [..*...]
Gold:   119        SH:  3    Dex: 12    Spells: 3/3 levels left

rFire   . . .      SeeInvis .    a - +0 hand axe (chaos)
rCold   . . .      Faith    .    i - +0 buckler
rNeg    . . .      Spirit   .    e - +0 ring mail
rPois   .          Reflect  .    (no helmet)
rElec   .          Harm     .    (no cloak)
rCorr   .          Rampage  .    (no gloves)
Will    .....                    (no boots)
Stlth   +.........               (no amulet)
HPRegen 0.25/turn                (no ring)
MPRegen 0.09/turn                (no ring)

@: slowed, unable to read, very slow
A: powered by death 3, weak 1, inability to read after injury 1
a: Renounce Religion


You were on level 3 of the Dungeon.
You worshipped Xom.
You were a toy of Xom.
You visited 1 branch of the dungeon, and saw 4 of its levels.

You collected 119 gold pieces.

Inventory:

Hand Weapons
 a - a +0 hand axe of chaos (weapon)
Armour
 e - a +0 ring mail (worn)
 i - a +0 buckler (worn)
Scrolls
 b - a scroll of enchant weapon {unknown}
 d - a scroll of teleportation {unknown}
 f - a scroll of identify
 h - a scroll of butterflies {unknown}
Potions
 g - a potion of attraction {unknown}
 j - a potion of invisibility
 k - a potion of brilliance {unknown}
Miscellaneous
 c - a piece from Xom's chessboard (15/15) (quivered)


   Skills:
 + Level 3.4 Fighting
 + Level 3.1 Axes
 * Level 2.9 Armour
 + Level 1.6 Dodging
 + Level 1.0 Shields
 + Level 1.3 Evocations


You had 3 spell levels left.
You didn't know any spells.
Your spell library contained the following spells:

 Spells                   Type           Power      Damage    Failure   Level
 Blink                    Tloc           0%         N/A       78%         2
 Momentum Strike          Conj/Tloc      0%         3d8       78%         2
 Call Canine Familiar     Summ           0%         N/A       95%         3
 Lesser Beckoning         Tloc           0%         N/A       95%         3
 Portal Projectile        Hex/Tloc       0%         N/A       95%         3
 Leda's Liquefaction      Hex/Erth       0%         N/A       100%        4


Dungeon Overview and Level Annotations

Branches:
Dungeon (4/15)
 Temple: D:4-7

Altars:
Nemelex Xobeh

Shops:
D:1 :   D:3 [

Annotations:
D:4 1 runed translucent door, DeathPants's ghost, novice KoDe


Innate Abilities, Weirdness & Mutations

You regenerate a lot of health from kills.
You are weak. (Str -2)
You occasionally lose the ability to read scrolls when taking damage.


Message History

You climb upwards.
Found Tool's Armour Shoppe.
There is a stone staircase leading down here.
There is an entrance to Tool's Armour Shoppe here.
You open the large door.
There is a large open door here.
There is a large open door here.
You open the large door.
A ball python comes into view.
There is a large open door here.
Found a chain mail.
You hit the ball python but do no damage.
The ball python changes into a shapeshifter!
The shapeshifter changes into a hornet!
A hobgoblin comes into view.
You closely miss the hornet.
The hobgoblin shouts!
The hornet stings you!
You suddenly lose the ability to move!
You can move again.
You hit the hornet.
The hornet is lightly wounded.
You block the hornet's attack. The hornet closely misses you.
A dart slug comes into view.
You barely miss the hornet.
The hornet is lightly wounded.
The hornet stings you!
You feel yourself slow down.
You are too injured to fight recklessly!
You are too injured to fight recklessly!
You are too injured to fight recklessly!
There are monsters nearby!
Unknown command.
You closely miss the hornet.
The hornet is lightly wounded.
The hornet stings you!
You feel threatened and lose the ability to read scrolls!
* * * LOW HITPOINT WARNING * * *
You feel as though you will be slow longer.
The hornet misses you. The hornet stings you!
You die...
Xom snickers!

#..[.##### .........
......... #.#
......... #.#
........#+##.#
........#.##.#
......y.#.##.#
....g..@#>##.#
.w......'.'..#
#.#.###.'.'..######.
# ###∩##........
#.##.####### #.##.#
#+#..# #...## #####


You could see a hornet shaped shifter, a dart slug and a hobgoblin.

Vanquished Creatures
  A jelly (D:4)
  3 adders
  An ufetubus (D:4)
  2 dart slugs
  2 orcs
  7 ball pythons
  2 endoplasms
  2 giant cockroaches
  3 goblins
  3 hobgoblins
  2 jackals (D:2)
  5 quokkas
  4 bats
  A frilled lizard (D:2)
  4 kobolds
  3 rats
45 creatures vanquished.

Notes
Turn   | Place    | Note
-------+----------+-------------------------------------------
     0 | D:1      | qeuew the Demonspawn Chaos Knight began the quest for the
                  | Orb.
     0 | D:1      | Reached XP level 1. HP: 18/18 MP: 1/1
    36 | D:1      | XOM: divination: detect creatures
    45 | D:1      | XOM: silly message
   103 | D:1      | Found a faded altar of an unknown god.
   210 | D:1      | Reached skill level 1 in Dodging
   217 | D:1      | Gained mutation: You regenerate a little health from kills.
                  | [demonic ancestry]
   217 | D:1      | Reached XP level 2. HP: 16/24 MP: 2/2
   238 | D:1      | Found Baelied's Vocational Training.
   505 | D:1      | XOM: noise
   750 | D:1      | Gained mutation: You are weak. (Str -2) [potion of
                  | mutation]
   750 | D:1      | Gained mutation: You occasionally lose the ability to read
                  | scrolls when taking damage. [potion of mutation]
   870 | D:2      | Gained mutation: You regenerate health from kills. [demonic
                  | ancestry]
   870 | D:2      | Reached XP level 3. HP: 10/29 MP: 3/3
  1352 | D:2      | You fall into a shaft and drop 2 floors!
  1366 | D:4      | Found a sparkling altar of Nemelex Xobeh.
  1404 | D:4      | Reached skill level 1 in Evocations
  1441 | D:4      | Gained mutation: You regenerate a lot of health from kills.
                  | [demonic ancestry]
  1441 | D:4      | Reached XP level 4. HP: 33/35 MP: 4/4
  1482 | D:4      | Found a runed translucent door.
  1483 | D:4      | Noticed DeathPants's ghost (novice KoDe)
  1633 | D:4      | XOM: cloud trail
  1644 | D:4      | Reached skill level 1 in Shields
  1679 | D:4      | XOM: enchant monster (bad)
  1736 | D:3      | Found Tool's Armour Shoppe.
  1758 | D:3      | a ball python changed into a shapeshifter
  1758 | D:3      | Noticed a shapeshifter (shapeshifter)
  1758 | D:3      | a shapeshifter changed into a hornet
  1758 | D:3      | Noticed a hornet (shapeshifter)
  1759 | D:3      | Paralysed by a hornet for 1 turns
  1762 | D:3      | Slain by a hornet (shapeshifter)

Illustrated notes

Levels and vault maps discovered:
D:1:      eino_arrival_tree_alley, layout_loops_ring,
          shapermc_ecumenical_altar_pompeii, st_stairs_5,
          nicolae_shop_vocational
D:2:      layout_basic, basic_altar, serial_shops, shop,
          kennysheep_generic_room_16
D:3:      layout_basic, kiku_gazebo_pond_becter, serial_shops,
          nicolae_shop_hallway_stairs, uniq_jessica, uniq_grinder, uniq_robin
D:4:      layout_basic, lemuel_doored_altar, gammafunk_ghost_grave

Skill      XL: |  1  2  3  4 |
---------------+-------------+-----
Armour         | 2 |  2.9
Dodging        | 1 |  1.6
Axes           | 3 |  3.1
Evocations     | 1 |  1.3
Shields        | 1 |  1.0
Fighting       | |  3.4

Action                   |  1- 3 |  4- 6 || total
-------------------------+-------+-------++-------
Melee: Hand axe          |   122 |    22 ||   144
       Punch             |     2 |       ||     2
  Use: Potion            |     4 |       ||     4
       Scroll            |     3 |       ||     3
Armor: Leather armour    |    39 |       ||    39
       Ring mail         |    17 |     4 ||    21
Dodge: Dodged            |    81 |    13 ||    94
Block: Buckler           |    23 |     4 ||    27

Table legend: (Time is in decaauts)
 A = Elapsed time spent in this place.
 B = Non-inter-level travel time spent in this place.
 C = Inter-level travel time spent in this place.
 D = Time resting spent in this place.
 E = Time spent auto-exploring this place.
 F = Levels seen in this place.
 G = Mean time per level.
                   A        B        C        D        E       F      G
               +--------+--------+--------+--------+--------+-----+--------+
         Total |   1797 |   1744 |     53 |     38 |   1323 |   4 |  449.2 |
       Dungeon |   1797 |   1744 |     53 |     38 |   1323 |   4 |  449.2 |
               +--------+--------+--------+--------+--------+-----+--------+

Top non-repeatable levels by time:
     D:1: 837 daAuts
     D:2: 542 daAuts
     D:4: 390 daAuts
     D:3: 26 daAuts
